woodfighter, chaotic female sylph Ranger ##### #-------- #|....o@| #|....o.| #|o.....| ---------- #..o...`| |..{.....|#####---.---- |*.....<.| # |........-### ----|----- # . |. |. |. |. --- woodfighter the Trailblazer Experience level: 8 Strength: 15 Dexterity: 11 Constitution: 16 Intelligence: 14 Wisdom: 16 Charisma: 6 Health: 0(63) Energy: 69(69) Def: 3 Gold: 198 Moves: 13266 Dungeon seed: evjfcdAjgWuetVfx Game ID: woodfighter_1466500990 Your Inventory: Coins $ - 198 gold pieces Amulets W - an uncursed amulet of ESP (being worn) Weapons a - a +1 dagger (alternate weapon; not wielded) b - a blessed +2 bow (weapon in hand) c - 46 +2 arrows (in quiver) d - 33 +0 arrows Armor e - an uncursed +2 cloak of displacement (being worn) Comestibles p - a cursed sprig of wolfsbane v - 2 uncursed tins of lichen B - an uncursed tin of acid blob G - an uncursed eucalyptus leaf O - an uncursed tin of bat meat R - 2 uncursed tripe rations Tools k - an uncursed saddle q - an uncursed skeleton key s - an uncursed bag of holding F - an uncursed oil lamp (0:1033) K - a +0 unicorn horn S - an uncursed magic whistle Gems y - an uncursed luckstone Contents of the bag of holding: 958 gold pieces an uncursed +0 mummy wrapping a blessed potion of object detection a wand of cold (0:7) a wand of fire (0:3) a wand of magic missile (0:6) a +0 pick-axe an uncursed towel Spells and supernatural/magical abilities: Name Level Category Fail Memory W - pray for help -- divine ? -- Your skills at the end: Miscellaneous Skills wands [Basic] Weapon Skills dagger [Basic] bow [Expert] Spellcasting Skills Final Attributes: You were piously aligned. You saw invisible. You were telepathic. You had automatic searching. You had infravision. You were displaced. You were stealthy. You were protected from shape changers. You were fast. You were lucky. You had extra luck. Bad luck did not time out for you. Good luck did not time out for you. You are dead. Vanquished creatures: 2 vampires a ghost 2 giant mimics a giant mummy a giant zombie 6 wargs a xan an ettin mummy 3 shocking spheres a dwarf king 2 chameleons a crocodile 2 human mummies an ettin zombie an incubus 4 wolves a lynx a panther 4 leprechauns a lizard a mumak a giant spider a vampire bat a gnome king 2 orc mummies a dwarf mummy an owlbear a yeti a gold golem a dog 2 housecats 2 dwarf lords a water nymph a gray unicorn 2 dust vortices a gnome mummy a snake 6 human zombies a Woodland-elf a bugbear 2 baby crocodiles 2 wood nymphs a Mordor orc 3 Uruk-hai an orc shaman a rock piercer 4 ponies 2 fog clouds 4 yellow lights 2 violet fungi 13 gnome lords a gnomish wizard 3 kobold mummies 2 black naga hatchlings 2 guardian naga hatchlings 2 gray oozes 2 barrow wights 4 elf zombies 2 straw golems a paper golem 4 giant ants 2 little dogs 3 floating eyes a kitten 22 dwarves a kobold lord a kobold shaman 6 iguanas 3 hill orcs 8 rothes 2 rabid rats 2 giant bats 6 orc zombies 6 dwarf zombies a wererat a killer bee a coyote 2 gas spores 7 hobbits 2 acid blobs 2 large kobolds 5 geckos a hobgoblin 6 giant rats a brown mold 3 yellow molds 2 green molds 3 red molds 58 gnomes 10 garter snakes 7 manes 2 gnome zombies 12 jackals 2 foxes 8 kobolds 16 newts 3 goblins 15 sewer rats 21 grid bugs a bat 9 lichens 11 kobold zombies 399 creatures vanquished. Voluntary challenges: You were vegetarian. You had followed a strict vegan diet until turn 2350. You had been an atheist until turn 8228. You used a wielded weapon 16 times, starting on turn 1. You did not apply a unicorn horn. You read items or engraved 11 times, starting on turn 2350. You never genocided any monsters. You never polymorphed an object. You never changed form. You cheated 3 times but completed Sokoban on turn 5553. You used no wishes. You never split a pudding. You never wrote Elbereth's name. You violated your moral code, losing 2 points of alignment, starting on turn 5576. Dungeon overview: The Dungeons of Doom: levels 1 to 8 Level 1 a long staircase Level 2 a fountain, a sink Level 3 stairs to The Gnomish Mines Level 4 a fountain Level 5 (Oracle) many fountains Level 6 a fountain stairs to Sokoban Level 7 some fountains Level 8 <- You were here a fountain The Gnomish Mines: levels 4 to 12 Level 4 (bones) stairs to The Dungeons of Doom Level 5 Level 6 Level 7 many shops, a temple to Mars, a magic chest, some fountains Level 8 Level 9 Level 10 Level 11 Level 12 a magic chest, some fountains Sokoban: levels 2 to 5 Level 2 a magic chest Level 3 Level 4 Level 5 a magic chest stairs to The Dungeons of Doom History has recorded: On T:1 you entered the Dungeons of Doom to retrieve the Amulet of Yendor! On T:28 you reached level 2 of The Dungeons of Doom. On T:584 you reached level 3 of The Dungeons of Doom. On T:626 you advanced to experience level 2. On T:879 you reached level 1 of The Gnomish Mines. On T:916 you reached level 4 of The Dungeons of Doom. On T:1007 you advanced to experience level 3. On T:1193 you reached level 5 of The Dungeons of Doom. On T:1486 you advanced to experience level 4. On T:1519 you reached level 6 of The Dungeons of Doom. On T:2178 you reached level 4 of Sokoban. On T:2451 you advanced to experience level 5. On T:2710 you opened a magic chest. On T:2995 you reached level 3 of Sokoban. On T:3421 you advanced to experience level 6. On T:3761 you reached level 2 of Sokoban. On T:4418 you reached level 1 of Sokoban. On T:4938 you advanced to experience level 7. On T:5553 you entered the Sokoban zoo. On T:5678 you opened a magic chest. On T:5843 you reached level 7 of The Dungeons of Doom. On T:6771 you reached level 2 of The Gnomish Mines. On T:6962 you reached level 3 of The Gnomish Mines. On T:7268 you advanced to experience level 8. On T:7929 you reached level 4 of The Gnomish Mines. On T:8212 you entered the Minetown temple On T:8294 you opened a magic chest. On T:8295 you opened a magic chest. On T:8296 you opened a magic chest. On T:8296 you opened a magic chest. On T:8298 you opened a magic chest. On T:8344 you opened a magic chest. On T:8345 you opened a magic chest. On T:8386 you opened a magic chest. On T:8388 you opened a magic chest. On T:8427 you opened a magic chest. On T:8428 you opened a magic chest. On T:8728 you opened a magic chest. On T:8731 you opened a magic chest. On T:8732 you opened a magic chest. On T:8987 you reached level 5 of The Gnomish Mines. On T:9410 you reached level 6 of The Gnomish Mines. On T:9453 you reached level 7 of The Gnomish Mines. On T:9476 you advanced to experience level 9. On T:10459 you reached level 8 of The Gnomish Mines. On T:10699 you reached level 9 of The Gnomish Mines. On T:10699 you reached the bottom of the Mines. On T:11386 you opened a magic chest. On T:12584 you opened a magic chest. On T:12585 you opened a magic chest. On T:12586 you opened a magic chest. On T:12685 you opened a magic chest. On T:12686 you opened a magic chest. On T:12698 you opened a magic chest. On T:13185 you reached level 8 of The Dungeons of Doom. Score breakdown: Gold: 1156 ( 115 points) Experience: 8 levels ( 700 points) Exploration: 12 levels ( 330 points) Discoveries: 17 items ( 850 points) Variety of kills: 102 monsters ( 2000 points) Major goal: Sokoban/Mines ( 1500 points) Survival: died (score multiplied by 3) Total score: 16485 Latest messages: You trigger a trap! Suddenly you are frozen in place! The hill orc strikes at your displaced image and misses you! The hill orc wields a crude dagger! The hill orc thrusts her crude dagger. The hill orc stabs you! The hill orc thrusts her crude dagger. The hill orc stabs you! The hill orc swings his curved sword. The hill orc hacks you! The hill orc thrusts her crude dagger. The hill orc stabs you! The hill orc swings his curved sword. The hill orc hacks you! The hill orc thrusts her crude dagger. The hill orc stabs you! The hill orc swings his curved sword. The hill orc slashes you! The hill orc thrusts her crude dagger. The hill orc stabs you! The hill orc swings his curved sword. The hill orc hacks you! The hill orc thrusts her crude dagger. The hill orc stabs you! The hill orc swings his curved sword. The hill orc hacks you! You die... Final status: Goodbye woodfighter the Ranger, killed by a hill orc, while frozen by a trap... You died in The Dungeons of Doom on dungeon level 8 with 16485 points, and 1156 pieces of gold, after 13266 moves. You were level 8 with a maximum of 63 hit points when you died.